 Dungeon Crawl Stone Soup version 0.27.1-33-g824d729ab1 (webtiles) character file.

Game seed: 15624902956234240193

58566 Destapler the Basher (level 14, -2/184 HPs)
             Began as a Troll Berserker on Dec 8, 2021.
             Was the Champion of Trog.
             Slain by a dire elephant (13 damage)
             ... on level 6 of the Lair of Beasts.
             The game lasted 01:05:55 (15040 turns).

Destapler the Basher (Troll Berserker)             Turns: 15040, Time: 01:05:55

Health: -2/184     AC: 12    Str: 28    XL:     14   Next: 49%
Magic:  13/13      EV: 17    Int:  7    God:    Trog [******]
Gold:   1058       SH:  5    Dex: 15    Spells: 13/13 levels left

rFire    . . .     SeeInvis .   a - +5 broad axe (flame)
rCold    + . .     Faith    .   (no shield)
rNeg     . . .     Spirit   .   T - +2 troll leather armour
rPois    .         Reflect  +   w - +2 hat
rElec    .         Harm     .   S - +0 cloak {rCorr}
rCorr    +         Rampage  .   (gloves unavailable)
Will     +....                  (boots unavailable)
Stlth    ..........             h - amulet of reflection
HPRegen  2.40/turn              u - +4 ring of evasion
MPRegen  0.13/turn              d - ring "Getemuak" {rC+ rCorr Int+4}

@: berserking, very quick
A: large, unfitting armour, claws 3, regeneration 1, shaggy fur 1, tough skin 1,
thin skeletal structure 1, frail 1, sturdy frame 1
a: Renounce Religion, Berserk, Trog's Hand, Brothers in Arms


You were on level 6 of the Lair of Beasts.
You worshipped Trog.
Trog was exalted by your worship.
You visited 3 branches of the dungeon, and saw 18 of its levels.
You also visited: Ossuary.

You collected 1313 gold pieces.
You spent 255 gold pieces at shops.

Inventory:

Hand Weapons
 a - a +5 broad axe of flaming (weapon)
 b - a +5 vorpal flail
 v - a +1 antimagic demon whip
Missiles
 f - 5 curare-tipped darts
 n - 78 poisoned darts
 s - 2 throwing nets
 t - 5 boomerangs
 F - 5 atropa-tipped darts
 G - 7 javelins
 O - 2 silver boomerangs
Armour
 r - the +4 robe of Augmentation {Str+4 Int+4 Dex+4}
   (You acquired it on level 4 of the Dungeon)

   Str:       It affects your strength (+4).
   Int:       It affects your intelligence (+4).
   Dex:       It affects your dexterity (+4).
 w - a +2 hat (worn)
 S - a +0 cloak of preservation (worn)
 T - a +2 troll leather armour (worn)
Jewellery
 d - the ring "Getemuak" (right claw) {rC+ rCorr Int+4}
   (You found it on level 1 of the Lair of Beasts)

   [ring of resist corrosion]

   Int:       It affects your intelligence (+4).
   rC:        It protects you from cold.
   rCorr:     It protects you from acid and corrosion.
 h - an amulet of reflection (around neck)
 i - a ring of see invisible
 u - a +4 ring of evasion (left claw)
 E - the ring "Neheijen" {Wiz Will+}
   (You found it on level 6 of the Lair of Beasts)

   [ring of wizardry]

   It improves your spell success rate.
   Will:      It increases your willpower.
 I - a ring of protection from fire
 N - a ring of protection from cold
 Y - a +6 ring of strength
Wands
 k - a wand of flame (51) (quivered)
 q - a wand of paralysis (8)
 x - a wand of acid (9)
 H - a wand of charming (18)
 L - a wand of polymorph (6)
 P - a wand of mindburst (6)
Scrolls
 m - 3 scrolls of magic mapping
 o - 3 scrolls of summoning
 y - 7 scrolls of identify
 A - 10 scrolls of teleportation
 D - a scroll of fog
 Q - a scroll of fear
 U - a scroll of blinking
 V - a scroll of silence {unknown}
Potions
 c - 3 potions of haste
 e - 3 potions of lignification
 g - 4 potions of flight
 j - a potion of resistance
 l - 5 potions of curing
 p - 3 potions of magic {unknown}
 z - a potion of cancellation
 B - 4 potions of heal wounds
 C - 10 potions of ambrosia
 J - 2 potions of attraction
 K - a potion of might
 X - a potion of berserk rage {unknown}


   Skills:
 + Level 8.8 Fighting
 + Level 5.8(10.3) Axes
 * Level 14.0(14.5) Maces & Flails
 + Level 7.7 Throwing
 + Level 7.1 Armour
 + Level 7.0 Dodging
 + Level 8.1 Shields
 + Level 6.5 Evocations


You had 13 spell levels left.
You didn't know any spells.
Your spell library contained the following spells:

 Spells                   Type           Power      Damage    Failure   Level
 Animate Skeleton         Necr           0%         N/A       43%         1
 Apportation              Tloc           0%         N/A       43%         1
 Corona                   Hex            0%         N/A       43%         1
 Sandblast                Erth           0%         2d4       43%         1
 Summon Small Mammal      Summ           0%         N/A       43%         1
 Blink                    Tloc           N/A        N/A       56%         2
 Passwall                 Tmut/Erth      0%         N/A       56%         2
 Summon Guardian Golem    Hex/Summ       0%         N/A       80%         3
 Tukima's Dance           Hex            0%         N/A       80%         3
 Passage of Golubria      Tloc           N/A        N/A       99%         4
 Alistair's Intoxication  Tmut/Pois      0%         N/A       100%        5
 Freezing Cloud           Conj/Ice/Air   0%         6-21      100%        5
 Lee's Rapid Deconstruct  Erth           0%         3d5*      100%        5
 Manifold Assault         Tloc           0%         N/A       100%        5
 Yara's Violent Unravell  Hex/Tmut       0%         3d3       100%        5
 Conjure Ball Lightning   Conj/Air       0%         3x3d6     100%        6
 Invisibility             Hex            0%         N/A       100%        6
 Simulacrum               Ice/Necr       0%         N/A       100%        6
 Orb of Destruction       Conj           0%         N/A       100%        7
 Spellforged Servitor     Conj/Summ      0%         N/A       100%        7
 Storm Form               Tmut/Air       0%         N/A       100%        7
 Discord                  Hex            0%         N/A       100%        8
 Disjunction              Tloc           0%         N/A       100%        8
 Polar Vortex             Ice            0%         N/A       100%        9


Dungeon Overview and Level Annotations

Branches:
Dungeon (11/15)            Temple (0/1) D:6            Lair (6/6) D:10
 Shoals (0/4) Lair:4        Snake (0/4) Lair:3        Slime (0/5) Lair:5
    Orc (1/2) D:11        Ossuary (visited)

Altars:
Ashenzari
Dithmenos
Elyvilon
Fedhas
Hepliaklqana
Okawaru
Qazlal
Wu Jian
Yredelemnul
Zin
Lugonu

Shops:
D:3 (   D:5 [(*

Portals:
Abyss: Lair:6

Annotations:
D:8 3 runed translucent doors, Cykl0x's ghost, novice GrFi
D:11 exclusion: obsidian statue


Innate Abilities, Weirdness & Mutations

You are too large for most types of armour.
You have claws for hands.
Your natural rate of healing is unusually fast.
You are covered in fur. (AC +1)
You have tough skin. (AC +1)
You have a somewhat thin skeletal structure. (Dex +2, Stealth+)
You are frail. (-10% HP)
Your movements are slightly less encumbered by armour. (ER -2)


Message History

* * * LOW HITPOINT WARNING * * *
You slice one of the two-headed hydra's heads off!
The flame cauterises the wound!
You slice the one-headed hydra!! You burn the one-headed hydra.
You feel the power of Trog in you as your rage grows.
You kill the one-headed hydra!
Trog accepts your kill.
You hit the dire elephant. You burn the dire elephant.
You hit the boulder beetle. You burn the boulder beetle.
The boulder beetle leaps!
The dire elephant tramples you!
* * * LOW HITPOINT WARNING * * *
You hold your ground!
The dire elephant completely misses you.
You barely miss the seven-headed hydra. You hit the dire elephant.
You burn the dire elephant.
The dire elephant tramples you but does no damage.
The dire elephant completely misses you.
The seven-headed hydra bites you!
* * * LOW HITPOINT WARNING * * *
The seven-headed hydra bites you!
* * * LOW HITPOINT WARNING * * *
The seven-headed hydra bites you!
* * * LOW HITPOINT WARNING * * *
The seven-headed hydra misses you. The seven-headed hydra bites you.
* * * LOW HITPOINT WARNING * * *
The seven-headed hydra completely misses you.
The seven-headed hydra barely misses you.
You slash the dire elephant! You burn the dire elephant.
The dire elephant is moderately wounded.
You hack one of the seven-headed hydra's heads off!
The flame cauterises the wound!
You slice the six-headed hydra!! You burn the six-headed hydra.
Unknown command.
Unknown command.
You slash the dire elephant! You burn the dire elephant.
The dire elephant is heavily wounded.
You lop one of the six-headed hydra's heads off!
The flame cauterises the wound!
You slash the five-headed hydra! You burn the five-headed hydra.
The dire elephant tramples you!
You die...

####..P...#..###..## #......#
#......PP.#..# #..P# #......#
.......PP.+..###..##=#P.....#
.........P#.B##≈..# .##.....#
.................##..#......#
..........#.....#.#..#......#
#.........#....#...###......#
##.......###.####DD$##......#
#........# ###.Y@#$.##......#
.........#.##}...#####......#
..........############.....##
....†....... P.........##.#
............ ......)..#####
............ #........#
.......#.... .........##
............ ..........#
.......................###


You could see a dire elephant, a five-headed hydra and a four-headed hydra.

Vanquished Creatures
  Gastronok (D:11)
  6 hydras
  Erica (D:9)
  3 death yaks
  4 thrashing horrors (Lair:6)
  5 two-headed ogres
  Pikel (D:6)
  An orc knight (D:11)
  3 oklob plants
  2 ugly things (Lair:6)
  An orc sorcerer (Orc:1)
  A manticore (D:11)
  Joseph (D:9)
  A guardian serpent (D:11)
  8 elephants
  Maurice (Orc:1)
  A merfolk siren (Lair:4)
  3 black mambas (Lair:6)
  10 cane toads
  A gargoyle (D:10)
  2 smoke demons (Lair:6)
  4 rime drakes
  Maggie (Lair:1)
  2 large abominations (Lair:6)
  4 komodo dragons
  A kobold demonologist (D:11)
  An ancient zyme (Lair:6)
  A queen bee (Lair:2)
  3 trolls
  A polar bear (Lair:6)
  Grinder (D:4)
  A hornet (D:9)
  23 blink frogs
  10 dream sheep
  A shadow (D:10)
  A ynoxinul (Lair:6)
  A spriggan (Lair:6)
  4 wyverns
  4 wraiths
  57 yaks
  Grum (D:8)
  6 basilisks
  3 steam dragons
  2 chaos spawn (Lair:6)
  Menkaure (D:7)
  Edmund (D:5)
  4 nagas (Lair:3)
  An acid dragon (D:10)
  8 water moccasins
  Duvessa (D:7)
  8 orc warriors
  3 black bears
  A swamp drake (D:11)
  A necrophage (D:6)
  2 ogres
  15 wolves
  A centaur (D:9)
  3 kobold brigands
  10 bullfrogs
  2 gnoll sergeants
  18 scorpions
  Dowan (D:7)
  31 killer bees
  An electric eel (Lair:6)
  6 human zombies (Ossuary)
  A bullfrog zombie (D:5)
  5 centaur zombies
  9 small abominations (Lair:6)
  6 jellies
  6 orc priests
  2 hounds
  3 bullfrog skeletons
  5 iguanas
  7 orc wizards
  4 scorpion zombies (Ossuary)
  A killer bee zombie (D:8)
  A hound zombie (D:5)
  3 mummies (Ossuary)
  8 gnolls
  7 adders
  A shadow imp (D:6)
  An ufetubus (D:6)
  A worm (D:2)
  2 dart slugs
  38 orcs
  11 ball pythons
  6 endoplasms
  8 giant cockroaches
  A gnoll zombie (Ossuary)
  3 goblins
  6 hobgoblins
  7 jackals
  23 kobolds
  5 quokkas
  14 bats
  3 frilled lizards (D:2)
  3 goblin zombies (Ossuary)
  2 hobgoblin zombies (Ossuary)
  A kobold zombie (Ossuary)
  3 orc zombies (Ossuary)
  12 rats
528 creatures vanquished.

Vanquished Creatures (others)
  3 orcs
  42 fungi
  37 plants
82 creatures vanquished.

Grand Total: 610 creatures vanquished

Notes
Turn   | Place    | Note
-------+----------+-------------------------------------------
     0 | D:1      | Destapler the Troll Berserker began the quest for the Orb.
     0 | D:1      | Reached XP level 1. HP: 22/22 MP: 0/0
   172 | D:1      | Reached XP level 2. HP: 29/29 MP: 1/1
   629 | D:1      | Reached XP level 3. HP: 36/36 MP: 2/2
   647 | D:1      | Reached ** piety under Trog
  1010 | D:2      | Reached skill level 1 in Throwing
  1010 | D:2      | Reached skill level 1 in Evocations
  1132 | D:2      | Found a faded altar of an unknown god.
  1156 | D:2      | Reached skill level 1 in Armour
  1156 | D:2      | Reached skill level 1 in Shields
  1156 | D:2      | Reached XP level 4. HP: 44/44 MP: 3/3
  1564 | D:3      | Reached *** piety under Trog
  1595 | D:3      | Found Imeepho's Weapon Shop.
  1746 | D:3      | Found a blossoming altar of Fedhas.
  2068 | D:3      | Found an ornate altar of the Wu Jian Council.
  2450 | D:4      | Reached XP level 5. HP: 52/52 MP: 4/4
  2571 | D:4      | Identified 2 scrolls of acquirement
  2571 | D:4      | Acquired the +4 robe of Augmentation {Str+4 Int+4 Dex+4}
  2571 | D:4      | Found the +4 robe of Augmentation {Str+4 Int+4 Dex+4}
  2710 | D:4      | Found a shadowy altar of Dithmenos.
  2758 | D:4      | Found a stormy altar of Qazlal.
  2809 | D:4      | Noticed Grinder
  2810 | D:4      | Paralysed by Grinder for 3 turns
  2832 | D:4      | Killed Grinder
  2833 | D:4      | Reached XP level 6. HP: 61/61 MP: 5/5
  3092 | D:5      | Entered Level 5 of the Dungeon
  3153 | D:5      | Found Qurucs Jinu's Antique Armour Shoppe.
  3240 | D:5      | Found Asuoph's Weapon Boutique.
  3248 | D:5      | Noticed Edmund
  3252 | D:5      | Reached XP level 7. HP: 67/67 MP: 6/6
  3272 | D:5      | Killed Edmund
  3360 | D:5      | Found a broken altar of Ashenzari.
  3384 | D:5      | Found Ront's Assorted Antiques.
  3556 | D:5      | Reached skill level 3 in Maces & Flails
  3568 | D:5      | Reached XP level 8. HP: 78/78 MP: 7/7
  3615 | D:5      | Reached **** piety under Trog
  3883 | D:6      | Found a staircase to the Ecumenical Temple.
  3934 | D:6      | Reached skill level 4 in Maces & Flails
  4014 | D:6      | Noticed Pikel
  4029 | D:6      | Killed Pikel
  4030 | D:6      | Reached skill level 5 in Fighting
  4030 | D:6      | Reached skill level 5 in Maces & Flails
  4030 | D:6      | Reached XP level 9. HP: 88/88 MP: 8/8
  4085 | D:6      | Found a sand-covered staircase.
  4093 | Ossuary  | Entered an ossuary
  4183 | Ossuary  | Reached skill level 5 in Shields
  4304 | Ossuary  | Reached ***** piety under Trog
  4305 | Ossuary  | Reached skill level 6 in Maces & Flails
  4426 | Ossuary  | Reached skill level 7 in Maces & Flails
  4833 | D:7      | Noticed Menkaure
  4842 | D:7      | Killed Menkaure
  4990 | D:7      | Found a white marble altar of Elyvilon.
  4991 | D:7      | Noticed Dowan
  4993 | D:7      | Noticed Duvessa
  5011 | D:7      | Killed Duvessa
  5013 | D:7      | Killed Dowan
  5014 | D:7      | Reached XP level 10. HP: 98/98 MP: 9/9
  5304 | D:8      | Gained mutation: A frigid envelope surrounds you and
                  | freezes all who hurt you. [potion of mutation]
  5304 | D:8      | Gained mutation: You are clumsy. (Dex -2) [potion of
                  | mutation]
  5304 | D:8      | Gained mutation: You have a pair of small antennae on your
                  | head. [potion of mutation]
  5326 | D:8      | Noticed a two-headed ogre
  5328 | D:8      | Noticed Grum
  5329 | D:8      | Found a hazy altar of Hepliaklqana.
  5341 | D:8      | Killed a two-headed ogre
  5353 | D:8      | Killed Grum
  5354 | D:8      | Reached skill level 8 in Maces & Flails
  5355 | D:8      | Found a runed translucent gate.
  5355 | D:8      | Found a runed translucent gate.
  5568 | D:8      | Received a gift from Trog
  5573 | D:8      | Reached skill level 1 in Axes
  5889 | D:8      | Found a runed translucent gate.
  5925 | D:8      | Noticed Cykl0x's ghost (novice GrFi)
  6322 | D:9      | Found a glowing silver altar of Zin.
  6330 | D:9      | Found an iron altar of Okawaru.
  6564 | D:9      | Paralysed by a hornet for 3 turns
  6601 | D:9      | Noticed a six-headed hydra
  6605 | D:9      | Noticed Joseph
  6609 | D:9      | Killed a four-headed hydra
  6610 | D:9      | Reached XP level 11. HP: 107/107 MP: 10/10
  6621 | D:9      | Killed Joseph
  6827 | D:9      | Noticed Erica
  6837 | D:9      | Killed Erica
  6953 | D:5      | Bought a runed cloak for 255 gold pieces
  6971 | D:5      | Acquired a manual of Maces & Flails
  7038 | D:10     | Entered Level 10 of the Dungeon
  7038 | D:10     | Noticed a two-headed ogre
  7043 | D:10     | Killed a two-headed ogre
  7044 | D:10     | Reached skill level 9 in Maces & Flails
  7169 | D:10     | Found a basalt altar of Yredelemnul.
  7199 | D:10     | Reached skill level 5 in Throwing
  7379 | D:10     | Noticed a two-headed ogre
  7391 | D:10     | Killed a two-headed ogre
  7803 | D:10     | Found a staircase to the Lair.
  8014 | D:11     | Noticed Gastronok
  8036 | D:11     | Killed Gastronok
  8037 | D:11     | Reached skill level 10 in Maces & Flails
  8037 | D:11     | Reached skill level 5 in Armour
  8126 | D:11     | Found a staircase to the Orcish Mines.
  8193 | D:11     | Reached skill level 5 in Dodging
  8252 | D:11     | Noticed a two-headed ogre
  8265 | D:11     | Killed a two-headed ogre
  8266 | D:11     | Reached XP level 12. HP: 118/118 MP: 11/11
  8885 | Orc:1    | Entered Level 1 of the Orcish Mines
  8914 | Orc:1    | Noticed Maurice
  8937 | Orc:1    | Killed Maurice
  8959 | Orc:1    | Noticed a two-headed ogre
  9036 | D:11     | Killed a two-headed ogre
  9046 | D:11     | Reached skill level 5 in Evocations
  9250 | Lair:1   | Entered Level 1 of the Lair of Beasts
  9449 | Lair:1   | Reached skill level 11 in Maces & Flails
  9708 | Lair:1   | Identified the ring "Getemuak" {rC+ rCorr Int+4}
 10055 | Lair:1   | Noticed Maggie
 10064 | Lair:1   | Killed Maggie
 10454 | Lair:2   | Received a gift from Trog
 10693 | Lair:2   | Reached XP level 13. HP: 117/127 MP: 12/12
 10719 | Lair:2   | Reached skill level 12 in Maces & Flails
 11217 | Lair:3   | Found a staircase to the Snake Pit.
 11293 | Lair:3   | Received a gift from Trog
 11834 | Lair:4   | Found a staircase to the Shoals.
 11973 | Lair:4   | Reached skill level 5 in Axes
 12128 | Lair:4   | Reached skill level 13 in Maces & Flails
 13008 | Lair:5   | Found a staircase to the Slime Pits.
 13492 | Lair:6   | Entered Level 6 of the Lair of Beasts
 13790 | Lair:6   | Reached XP level 14. HP: 127/137 MP: 13/13
 13858 | Lair:6   | Lost mutation: A frigid envelope surrounds you and freezes
                  | all who hurt you. [potion of mutation]
 13858 | Lair:6   | Lost mutation: You have a pair of small antennae on your
                  | head. [potion of mutation]
 13858 | Lair:6   | Lost mutation: You are clumsy. (Dex -2) [potion of
                  | mutation]
 13858 | Lair:6   | Gained mutation: You sometimes lose the ability to read
                  | scrolls when taking damage. [potion of mutation]
 13858 | Lair:6   | Gained mutation: Your muscles are strong. (Str +2) [potion
                  | of mutation]
 13858 | Lair:6   | Gained mutation: You have a somewhat thin skeletal
                  | structure. (Dex +2, Stealth+) [potion of mutation]
 13858 | Lair:6   | Gained mutation: You expend magic power (3 MP) to
                  | strengthen your wands. [potion of mutation]
 13859 | Lair:6   | Lost mutation: You expend magic power (3 MP) to strengthen
                  | your wands. [potion of mutation]
 13859 | Lair:6   | Lost mutation: You sometimes lose the ability to read
                  | scrolls when taking damage. [potion of mutation]
 13859 | Lair:6   | Lost mutation: Your muscles are strong. (Str +2) [potion of
                  | mutation]
 13859 | Lair:6   | Gained mutation: You are frail. (-10% HP) [potion of
                  | mutation]
 13859 | Lair:6   | Gained mutation: Your movements are slightly less
                  | encumbered by armour. (ER -2) [potion of mutation]
 14075 | Lair:6   | Reached ****** piety under Trog
 14346 | Lair:6   | Found a corrupted altar of Lugonu.
 14346 | Lair:6   | Found a one-way gate to the infinite horrors of the Abyss.
 14353 | Lair:6   | Identified the ring "Neheijen" {Wiz Will+}
 14453 | Lair:6   | Received a gift from Trog
 14819 | Lair:6   | Reached skill level 14 in Maces & Flails
 15038 | Lair:6   | HP: 8/184 [seven-headed hydra (2)]
 15040 | Lair:6   | Slain by a dire elephant

Illustrated notes

Levels and vault maps discovered:
D:1:      dpeg_arrival_pits, layout_basic, grunt_decor_resistance,
          minmay_pentomino_p2
D:2:      layout_rooms, shapermc_ecumenical_altar_starsandcircs,
          minmay_fractal_squares_5
D:3:      layout_loops_corners, nzn_wu_jian_council_hall,
          mainiacjoe_overflow_concentric_impassable, serial_shops,
          nicolae_square_shop
D:4:      layout_gridville, nicolae_dithmenos_the_darkroom,
          nicolae_qazlal_scattered_showers, uniq_grinder
D:5:      old_forge, layout_basic, nicolae_ashenzari_skybound, serial_shops,
          shop, nicolae_stop_n_shop_2, shop, columned_hall_lemuel, uniq_edmund
D:6:      layout_cave_pools, minmay_temple_entry_junction,
          nicolae_ossuary_entry_plus, uniq_pikel
D:7:      layout_rooms, elyvilon_altar_5, uniq_duvessa, uniq_menkaure
D:8:      layout_basic, mainiacjoe_overflow_brackets, gammafunk_ghost_split,
          kennysheep_another_room, uniq_grum
D:9:      layout_rooms, mainiacjoe_overflow_big_doors, uniq_erica, uniq_joseph
D:10:     layout_stronghold, lemuel_tele_altar, grunt_lair_entry_orc_guard_hut
D:11:     layout_irregular_city, erik_orc_1, minivault_16,
          nrook_guardian_serpent_double, uniq_gastronok
Lair:1:   layout_long_grid, minmay_lair_oklob_chamber, uniq_maggie
Lair:2:   layout_hall_layers, special_room [special_room_bee],
          lemuel_fruit_tree, grunt_megastairs_5, infiniplex_staircase_pool_2
Lair:3:   layout_misc_corridors, minmay_snake_entry_guardpost_small
Lair:4:   layout_regular_city, elwin_shoals_entry_rooms
Lair:5:   layout_cave_pods, minmay_slime_entry_oklob_enclosed,
          chequers_serial_rivers_large_b
Lair:6:   hellmonk_lair_end_abyssal_woods, layout_cave_shapes,
          hangedman_lair_generics_rect, grunt_megastairs_3,
          infiniplex_staircase_pool
Orc:1:    layout_caves, ebering_ghost_inner_flame, guppyfry_orc_lava_fort,
          uniq_maurice

Skill      XL: |  1  2  3  4  5  6  7  8  9 10 11 12 13 14 |
---------------+-------------------------------------------+-----
Throwing       | 1 2 3 4 5 6 7 |  7.7
Evocations     | 1 2 3 4 5 6 |  6.5
Armour         | 1 2 3 4 5 6 7 |  7.1
Shields        | 1 2 3 4 5 6 7 8 |  8.1
Dodging        | 3 4 5 6 7 |  7.0
Fighting       | 3 4 5 6 7 8 |  8.8
Maces & Flails | 3 5 7 8 10 11 13 14 | 14.0
Axes           | 1 3 4 5 |  5.8

Action                   |  1- 3 |  4- 6 |  7- 9 | 10-12 | 13-15 || total
-------------------------+-------+-------+-------+-------+-------++-------
Melee: Unarmed           |   139 |   111 |    23 |       |       ||   273
       Flail             |       |       |   328 |   377 |   112 ||   817
       Broad axe         |       |       |       |   150 |   281 ||   431
Throw: Dart              |       |     3 |    12 |    43 |     5 ||    63
       Boomerang         |       |       |       |    12 |    32 ||    44
Invok: Berserk           |     2 |     2 |     7 |     9 |     4 ||    24
       Trog's Hand       |       |     2 |     2 |     7 |     3 ||    14
Evoke: Wand              |       |     1 |       |       |    17 ||    18
  Use: Scroll            |     5 |     5 |     8 |     8 |     3 ||    29
       Potion            |       |       |       |     4 |     4 ||     8
 Stab: Sleeping          |       |     3 |       |     1 |     2 ||     6
       Distracted        |       |     1 |       |       |       ||     1
Armor: Animal skin       |    55 |    23 |       |       |       ||    78
       Robe              |       |    20 |   196 |   148 |    90 ||   454
       Troll leather arm |       |       |       |       |    81 ||    81
Dodge: Dodged            |   100 |    41 |   218 |   535 |   393 ||  1287
Block: Other             |       |     9 |   102 |   162 |   114 ||   387
       Reflection        |       |       |     1 |     6 |     1 ||     8
